 Dungeon Crawl Stone Soup version 0.30-a0-696-g2367cd04db (webtiles) character file.

Game seed: 17238987043815247096

30 BigDaddyOpFi the Caller (level 3, -1/19 HPs)
             Began as a Deep Elf Summoner on Jan 20, 2023.
             Slain by a goblin
             ... wielding a +0 club
             ... led by Robin
              (6 damage)
             ... on level 2 of the Dungeon.
             The game lasted 00:02:07 (866 turns).

BigDaddyOpFi the Caller (Deep Elf Summoner)          Turns: 866, Time: 00:02:08

Health: -1/19      AC:  2    Str:  5    XL:     3   Next: 3%
Magic:  10/10      EV: 13    Int: 21    God:
Gold:   28         SH:  0    Dex: 15    Spells: 8/9 levels left

rFire   . . .      SeeInvis .    j - +0 dagger
rCold   . . .      Faith    .    (no shield)
rNeg    . . .      Spirit   .    a - +0 robe
rPois   .          Reflect  .    (no helmet)
rElec   .          Harm     .    (no cloak)
rCorr   +          Rampage  .    (no gloves)
Will    .....                    (no boots)
Stlth   ++                       (no amulet)
HPRegen 0.23/turn                g - ring of resist corrosion
MPRegen 0.12/turn                (no ring)

@: no status effects
A: no striking features
a: no special abilities


You were on level 2 of the Dungeon.
You visited 1 branch of the dungeon, and saw 2 of its levels.

You collected 28 gold pieces.

Inventory:

Hand Weapons
 j - a +0 dagger (weapon)
Armour
 a - a +0 robe (worn)
Jewellery
 g - a ring of resist corrosion (left hand)
Scrolls
 c - a scroll of blinking {unknown}
 h - 3 scrolls of identify {unknown}
 k - a scroll of poison {unknown}
 m - a scroll of summoning {unknown}
 n - a scroll of teleportation {unknown}
Potions
 b - a potion of magic
 d - a potion of haste {unknown}
 e - a potion of curing {unknown}
 f - a potion of heal wounds {unknown}
 i - a potion of berserk rage {unknown}
 l - a potion of cancellation {unknown}


   Skills:
 - Level 2.7 Dodging
 - Level 2.7 Stealth
 + Level 3.8 Spellcasting
 + Level 4.8 Summonings


You had 8 spell levels left.
You knew the following spells:

 Your Spells              Type           Power      Damage    Failure   Level
a - Summon Small Mammal   Summ           96%        N/A       1%          1

Your spell library contained the following spells:

 Spells                   Type           Power      Damage    Failure   Level
 Call Imp                 Summ           24%        N/A       2%          2
 Call Canine Familiar     Summ           24%        N/A       4%          3
 Apportation              Tloc           8%         N/A       12%         1
 Summon Guardian Golem    Hex/Summ       14%        N/A       14%         3
 Summon Lightning Spire   Summ/Air       14%        N/A       41%         4
 Alistair's Intoxication  Tmut/Pois      2%         N/A       98%         5


Dungeon Overview and Level Annotations

Branches:
Dungeon (2/15)

Altars:

Annotations:
D:2 Robin


Message History

You hit the goblin but do no damage.
Your rat closely misses the goblin.
The goblin closely misses your rat. x2; The goblin barely misses you.
You hit the goblin.
The goblin is severely wounded.
Robin throws the goblin at you!
Your rat closely misses the goblin.
A rat comes into view.
Your rat closely misses the goblin.
The hobgoblin closely misses you. The goblin closely misses you.
The goblin hits your rat with a +0 dagger.
Your rat dies!
Your rat's corpse disappears in a puff of smoke!
The goblin barely misses you.
You miss the goblin.
The goblin is severely wounded.
Your rat bites the goblin.
The rat twitches its whiskers.
The hobgoblin closely misses your rat. The hobgoblin hits you.
The goblin hits you but does no damage. The goblin closely misses you.
You hit the goblin.
You kill the goblin!
The hobgoblin closely misses you. The goblin closely misses you.
A goblin comes into view. It is wielding a +0 club.
The adder attacks as you move away! The adder bites you but does no damage.
The hobgoblin attacks as you move away! The hobgoblin closely misses you.
Something hits your rat.
Your rat dies!
Your rat's corpse disappears in a puff of smoke!
Things that are here:
a +0 club; a +0 sling The adder attacks as you move away!
The adder bites you. The adder bites you but does no damage.
The adder attacks as you move away! The adder misses you.
Robin throws the goblin at you!
You hit the goblin.
You kill the goblin!
The goblin no longer looks unusually strong.
The adder bites you.
* * * LOW HITPOINT WARNING * * *
The goblin hits you with a +0 club.
You die...

#############
##.....#.....##
#.......†.....##
...............#
.......<..)....#
.........<.....#
.......>.......#
.......@.......#
#.....gSg.....##
##...........##
######g#.####
..#####r#†#
......g.).#
....g.gg...#
.......g.......
...g.......##..


You could see Robin, an adder, 3 hobgoblins, 3 goblins and a rat.

Vanquished Creatures
  A bat (D:1)
  2 goblins (D:2)
3 creatures vanquished.

Vanquished Creatures (collateral kills)
  A worm (D:2)
  An endoplasm (D:1)
  2 giant cockroaches (D:1)
  3 goblins
  3 hobgoblins (D:1)
  4 kobolds
  2 ball pythons
  3 bats (D:1)
  2 frilled lizards (D:1)
  3 rats (D:1)
24 creatures vanquished.

Grand Total: 27 creatures vanquished

Notes
Turn   | Place    | Note
-------+----------+-------------------------------------------
     0 | D:1      | BigDaddyOpFi the Deep Elf Summoner began the quest for the
                  | Orb.
     0 | D:1      | Reached XP level 1. HP: 10/10 MP: 6/6
    22 | D:1      | Found a faded altar of an unknown god.
   148 | D:1      | Reached XP level 2. HP: 8/15 MP: 8/8
   828 | D:2      | Reached XP level 3. HP: 19/19 MP: 7/10
   854 | D:2      | Noticed Robin
   866 | D:2      | Slain by a goblin

Illustrated notes

Levels and vault maps discovered:
D:1:      dpeg_arrival_arbitrary_c, layout_basic, basic_ecumenical_altar,
          minmay_hexomino_p4
D:2:      layout_rooms, uniq_robin

Action                   || total
-------------------------++-------
Melee: Unarmed           ||     2
       Punch             ||     1
       Dagger            ||     9
 Cast: Summon Small Mamm ||    24
Armor: Robe              ||    14
Dodge: Dodged            ||    35

Table legend: (Time is in decaauts)
 A = Elapsed time spent in this place.
 B = Non-inter-level travel time spent in this place.
 C = Inter-level travel time spent in this place.
 D = Time resting spent in this place.
 E = Time spent auto-exploring this place.
 F = Levels seen in this place.
 G = Mean time per level.
                   A        B        C        D        E       F      G
               +--------+--------+--------+--------+--------+-----+--------+
         Total |    864 |    851 |     13 |      0 |    625 |   2 |  432.0 |
       Dungeon |    864 |    851 |     13 |      0 |    625 |   2 |  432.0 |
               +--------+--------+--------+--------+--------+-----+--------+

Top non-repeatable levels by time:
     D:1: 780 daAuts
     D:2: 84 daAuts
